 Dungeon Crawl Stone Soup version 0.32-a0-12-g7fc57aa741 (webtiles) character file.

Game seed: 14025223110585902684

21 dialectric the Changeling (level 2, -2/27 HPs)
             Began as a Troll Shapeshifter on Jan 14, 2024.
             Slain by a gnoll
             ... wielding a +0 halberd
              (11 damage)
             ... on level 2 of the Dungeon.
             The game lasted 00:00:44 (462 turns).

dialectric the Changeling (Troll Shapeshifter)       Turns: 462, Time: 00:00:45

Health: -2/27      AC:  4    Str: 21    XL:     2   Next: 65%
Magic:  1/1        EV:  9    Int:  6    God:
Gold:   44         SH:  0    Dex:  9    Spells: 1/1 levels left

rFire   . .          .
                       - Unarmed
rCold   + . .        (no shield)
rNeg    . . .        a - +0 animal skin
rPois   .            (helmet currently unavailable)
rElec   .            (cloak currently unavailable)
rCorr   .            (gloves unavailable)
SInv    .            (boots unavailable)
Will    .....        (no amulet)
Stlth   +            k - ring of protection from cold
HPRegen 1.04/turn    (no ring)
MPRegen 0.07/turn

%: no passive effects
@: beast-form
A: beast (slay +1), large, unfitting armour, claws 3, regeneration 1, shaggy fur
1, tough skin 1
a: Begin Untransformation


You were on level 2 of the Dungeon.
You were a hulking beast.
You visited 1 branch of the dungeon, and saw 2 of its levels.

You collected 44 gold pieces.

Inventory:

Missiles
 j - a throwing net (quivered)
Armour
 a - a +0 animal skin (worn)
 g - a +0 cloak
Jewellery
 k - a ring of protection from cold (left claw)
Talismans
 c - a beast talisman
 d - a flux talisman
Scrolls
 e - 2 scrolls of immolation {unknown}
 h - 2 scrolls of blinking {unknown}
 i - a scroll of torment {unknown}
Potions
 b - a potion of lignification
 f - a potion of curing {unknown}
 l - a potion of attraction {unknown}


   Skills:
 * Level 1.6 Fighting
 + Level 1.9 Dodging
 - Level 3.0 Unarmed Combat
 + Level 3.2 Shapeshifting


You had one spell level left.
You didn't know any spells.
Your spell library was empty.

Dungeon Overview and Level Annotations

Branches:
Dungeon (2/15)

Altars:

Shops:
D:1 :


Innate Abilities, Weirdness & Mutations

You are a hulking beast.
Your limbs bulge with bestial killing power. (Slay +1)
You are too large for most types of armour.
You have claws for hands.
Your natural rate of healing is unusually fast.
You are covered in fur. (AC +1)
You have tough skin. (AC +1)


Message History

Found a pair of gloves.
No target in view!
Found a dagger.
No target in view!
You see here a +0 pair of gloves.
Done exploring.
No target in view!
No target in view!
No target in view!
No target in view!
Done exploring.
Done exploring.
No target in view!
Done exploring.
No target in view!
What level of the Dungeon? (default 1, ? - help)
You see here a +0 pair of gloves.
You see here 7 stones.
You see here a +0 mace.
There is a stone staircase leading down here.
You climb downwards.
The gnoll shouts! x2
Found a scroll labelled JARAUGOI QON KAA.
There is a stone staircase leading up here.
There are monsters nearby!
Unknown command.
There are monsters nearby!
The gnoll hits you with a +0 halberd!
Ouch! That really hurt!
There are monsters nearby!
You are too injured to fight recklessly!
There are monsters nearby!
You are too injured to fight recklessly!
The gnoll hits you from afar with a +0 halberd.
* * * LOW HITPOINT WARNING * * *
A goblin comes into view. It is wielding a +0 club.
There is a stone staircase leading up here.
The goblin shouts!
The gnoll hits you from afar with a +0 halberd!
You die...

## ##. .. #
####.###.##
#..........
#...g...#
#.hg.g..#
#.........#
#.#..........
.......?......
#.##.#..........
# #.##.####....
# ..# .... #g#
#.#


You could see 3 gnolls and a goblin.

Vanquished Creatures
  2 giant cockroaches (D:1)
  2 goblins (D:1)
  4 hobgoblins (D:1)
  A quokka (D:1)
  6 ball pythons (D:1)
  2 bats (D:1)
  A frilled lizard (D:1)
  2 kobolds (D:1)
20 creatures vanquished.

Notes
Turn   | Place    | Note
-------+----------+-------------------------------------------
     0 | D:1      | dialectric the Troll Shapeshifter began the quest for the
                  | Orb.
     0 | D:1      | Reached XP level 1. HP: 18/18 MP: 0/0
    48 | D:1      | Reached skill level 1 in Fighting
    81 | D:1      | Reached XP level 2. HP: 27/27 MP: 1/1
   154 | D:1      | Found Jadum's Book Boutique.
   462 | D:2      | Slain by a gnoll

Illustrated notes

Levels and vault maps discovered:
D:1:      tarquinn_simple_flora_water_a, layout_rooms, serial_shops,
          nicolae_book_shop_shelving
D:2:      layout_loops_cross

Skill      XL: |  1 |
---------------+----+-----
Fighting       | 1 |  1.6
Dodging        | |  1.9
Unarmed Combat | |  3.0
Shapeshifting  | |  3.2

Action                     || total
---------------------------++-------
  Melee: Unarmed           ||    37
         Punch             ||     2
 Armour: Animal skin       ||    28
  Dodge: Dodged            ||    24

Table legend: (Time is in decaauts)
 A = Elapsed time spent in this place.
 B = Non-inter-level travel time spent in this place.
 C = Inter-level travel time spent in this place.
 D = Time resting spent in this place.
 E = Time spent auto-exploring this place.
 F = Levels seen in this place.
 G = Mean time per level.
                   A        B        C        D        E       F      G
               +--------+--------+--------+--------+--------+-----+--------+
         Total |    458 |    438 |     20 |      0 |    322 |   2 |  229.0 |
       Dungeon |    458 |    438 |     20 |      0 |    322 |   2 |  229.0 |
               +--------+--------+--------+--------+--------+-----+--------+

Top non-repeatable levels by time:
     D:1: 456 daAuts
     D:2: 2 daAuts
